 Dungeon Crawl Stone Soup version 0.28.0-43-g3370ac3207 (webtiles) character file.

Game seed: 1966325325545859268

86 issech the Cudgeller (level 4, -3/39 HPs)
             Began as a Troll Monk on Mar 14, 2022.
             Was a Believer of Hepliaklqana.
             Slain by a hornet zombie (5 damage)
             ... on level 3 of the Dungeon.
             The game lasted 00:05:58 (2199 turns).

issech the Cudgeller (Troll Monk)                   Turns: 2199, Time: 00:05:58

Health: -3/39      AC:  4    Str: 19    XL:     4   Next: 26%
Magic:  3/3        EV: 10    Int:  6    God:    Hepliaklqana [**....]
Gold:   64         SH:  0    Dex: 14    Spells: 3/3 levels left

rFire   . . .      SeeInvis .   a - +0 mace
rCold   . . .      Faith    .   (no shield)
rNeg    . . .      Spirit   .   b - +0 robe
rPois   .          Reflect  .   (helmet restricted)
rElec   .          Harm     .   (no cloak)
rCorr   .          Rampage  .   (gloves unavailable)
Will    .....                   (boots unavailable)
Stlth   ++........              (no amulet)
HPRegen 0.93/turn               (no ring)
MPRegen 0.08/turn               (no ring)

@: no status effects
A: reduced essence, large, unfitting armour, claws 3, regeneration 1, shaggy fur
1, tough skin 1
a: Renounce Religion, Recall Ancestor, Ancestor Identity


You were on level 3 of the Dungeon.
You worshipped Hepliaklqana.
Hepliaklqana was pleased with you.
You visited 1 branch of the dungeon, and saw 3 of its levels.

You collected 64 gold pieces.

Inventory:

Hand Weapons
 a - a +0 mace (weapon)
 n - a +2 falchion of draining
 o - a +0 dagger of freezing
Missiles
 g - 44 arrows
 i - 18 sling bullets
 j - 23 bolts
 k - 9 poisoned darts (quivered)
 l - 78 stones
Armour
 b - a +0 robe (worn)
Magical Staves
 t - a staff of conjuration
Scrolls
 e - a scroll of fear {unknown}
 p - a scroll of enchant armour {unknown}
 r - a scroll of identify {unknown}
Potions
 c - 2 potions of berserk rage {unknown}
 d - 2 potions of lignification {unknown}
 f - a potion of curing {unknown}
 h - a potion of degeneration {unknown}
 m - a potion of heal wounds {unknown}
 q - a potion of invisibility {unknown}
 s - a potion of might {unknown}


   Skills:
 + Level 2.9 Fighting
 + Level 3.6 Maces & Flails
 + Level 2.9 Dodging
 + Level 1.2 Stealth


You had 3 spell levels left.
You didn't know any spells.
Your spell library contained the following spells:

 Spells                   Type           Power      Damage    Failure   Level
 Ensorcelled Hibernation  Hex/Ice        0%         N/A       58%         2
 Passwall                 Tmut/Erth      0%         N/A       58%         2
 Swiftness                Air            0%         N/A       83%         3


Dungeon Overview and Level Annotations

Branches:
Dungeon (3/15)

Altars:
Hepliaklqana


Innate Abilities, Weirdness & Mutations

Your life essence is reduced to manifest your ancestor. (-10% HP)
You are too large for most types of armour.
You have claws for hands.
Your natural rate of healing is unusually fast.
You are covered in fur. (AC +1)
You have tough skin. (AC +1)


Message History

The hornet zombie resists.
You hit the endoplasm but do no damage. You hit the endoplasm.
The endoplasm is severely wounded.
The endoplasm hits you but does no damage.
You hit the endoplasm.
You kill the endoplasm!
The hornet zombie closely misses you.
You hit the hornet zombie.
The hornet zombie is lightly damaged.
The hornet zombie barely misses you.
You hit the hornet zombie but do no damage.
The hornet zombie is lightly damaged.
The hornet zombie hits you. The hornet zombie hits you!
Osbert points at the hornet zombie and mumbles some strange words.
The puff of frost hits the hornet zombie.
The hornet zombie resists.
You hit the hornet zombie.
The hornet zombie is moderately damaged.
The hornet zombie hits you.
You barely miss the hornet zombie.
The hornet zombie is moderately damaged.
The hornet zombie misses you.
Osbert points at the hornet zombie and mumbles some strange words.
The stone arrow hits the hornet zombie!
The hornet zombie hits you!
You swap places.
The hornet zombie hits Osbert!
Osbert hits the hornet zombie with a +0 quarterstaff.
The hornet zombie hits Osbert.
Osbert is destroyed!
The hornet zombie hits you but does no damage.
You closely miss the hornet zombie.
The hornet zombie is heavily damaged.
The hornet zombie hits you!
* * * LOW HITPOINT WARNING * * *
The hornet zombie hits you!
* * * LOW HITPOINT WARNING * * *
You hit the hornet zombie but do no damage.
The hornet zombie is heavily damaged.
The hornet zombie hits you.
You die...

#### ..# #.# #
####.###.###.# #
#....Z.)......
#.#.##@###.#....
#.#.##.# # .
#......#
###.#### #†#
#.##### #.<...#
#####.# #.....#
#.# #.....#


You could see a hornet zombie.

Vanquished Creatures
  2 adders (D:2)
  A dart slug (D:2)
  An orc (D:3)
  4 bats
  3 endoplasms
  2 giant cockroaches
  6 goblins
  3 hobgoblins (D:1)
  4 jackals
  10 kobolds
  3 quokkas (D:1)
  7 ball pythons
  3 frilled lizards
  5 rats
54 creatures vanquished.

Vanquished Creatures (collateral kills)
  An orc (D:3)
  2 hobgoblins (D:3)
3 creatures vanquished.

Vanquished Creatures (others)
  A battlemage (D:3)
1 creature vanquished.

Grand Total: 58 creatures vanquished

Notes
Turn   | Place    | Note
-------+----------+-------------------------------------------
     0 | D:1      | issech the Troll Monk began the quest for the Orb.
     0 | D:1      | Reached XP level 1. HP: 22/22 MP: 0/0
    79 | D:1      | Reached XP level 2. HP: 24/29 MP: 1/1
   189 | D:1      | Reached skill level 3 in Maces & Flails
   562 | D:1      | Reached XP level 3. HP: 36/36 MP: 2/2
  1034 | D:2      | Found a faded altar of an unknown god.
  1803 | D:3      | Reached XP level 4. HP: 44/44 MP: 3/3
  1987 | D:3      | Found a hazy altar of Hepliaklqana.
  2002 | D:3      | Became a worshipper of Hepliaklqana the Forgotten
  2002 | D:3      | Reached * piety under Hepliaklqana
  2002 | D:3      | Reached ** piety under Hepliaklqana
  2003 | D:3      | Remembered your ancestor Osbert as a battlemage
  2198 | D:3      | HP: 1/39 [hornet zombie (10)]
  2199 | D:3      | Slain by a hornet zombie

Illustrated notes

Levels and vault maps discovered:
D:1:      giann_horns, layout_basic
D:2:      layout_basic, ebering_ecumenical_altar_hall
D:3:      layout_loops_cross, mainiacjoe_overflow_catwalk, serial_shops,
          shop_statue, chequers_garden

Skill      XL: |  1  2 |
---------------+-------+-----
Maces & Flails | 3 |  3.6
Fighting       | |  2.9
Dodging        | |  2.9
Stealth        | |  1.2

Action                   |  1- 3 |  4- 6 || total
-------------------------+-------+-------++-------
Melee: Mace              |   137 |    59 ||   196
       Punch             |       |     1 ||     1
Invok: Ancestor Life: Ba |       |     1 ||     1
 Stab: Sleeping          |     5 |     2 ||     7
Armor: Robe              |    55 |    17 ||    72
Dodge: Dodged            |    84 |    40 ||   124
